 Dungeon Crawl Stone Soup version 0.20-a0-681-gf83e07f (webtiles) character file.

8945 Alarkh the Carver (level 11, -11/79 HPs)
             Began as a Mummy Skald on Feb 18, 2017.
             Was a High Priest of Okawaru.
             Mangled by a komodo dragon (25 damage)
             ... on level 2 of the Lair of Beasts.
             The game lasted 00:19:06 (9964 turns).

Alarkh the Carver (Mummy Skald)                     Turns: 9964, Time: 00:19:07

Health: -11/79     AC: 15    Str: 14    XL:     11   Next: 16%
Magic:  18/21      EV: 13    Int: 17    God:    Okawaru [*****.]
Gold:   360        SH:  0    Dex: 11    Spells: 10/23 levels left

rFire    . . .     SeeInvis .   a - +5 long sword (slice)
rCold    + . .     Gourm    .   u - +2 robe {MR+}
rNeg     + + +     Faith    .   (no shield)
rPois    ∞         Spirit   .   (no helmet)
rElec    .         Reflect  .   p - +2 cloak
rCorr    .         Harm     .   j - +0 pair of gloves
MR       ++...                  v - +2 pair of boots {run}
Stlth    +.........             (no amulet)
Regen    0.3/turn               q - +4 ring of protection
MPRegen  0.2/turn               y - ring of protection from fire

@: quick
A: no food or potions, fire vulnerability, cold resistance 1, negative energy
resistance 3, torment resistance, unbreathing
a: Heroism, Finesse, Renounce Religion


You were on level 2 of the Lair of Beasts.
You worshipped Okawaru.
Okawaru was extremely pleased with you.
You were not hungry.

You visited 3 branches of the dungeon, and saw 13 of its levels.

You collected 594 gold pieces.
You spent 234 gold pieces at shops.

Inventory:

Hand Weapons
 a - a +5 long sword of slicing (weapon)
Armour
 j - a +0 pair of gloves (worn)
 p - a +2 cloak (worn)
 u - a +2 robe of magic resistance (worn)
 v - a +2 pair of boots of running (worn)
Magical Staves
 c - an uncursed staff of fire {unknown}
 A - an uncursed staff of earth
Jewellery
 o - an uncursed ring of resist corrosion
 q - a +4 ring of protection (right hand)
 y - a ring of protection from fire (left hand)
Wands
 b - a wand of acid (6/15)
 s - a wand of iceblast (14/15)
 t - a wand of confusion (12/48)
Scrolls
 d - a scroll of vulnerability
 e - 2 scrolls of identify
 f - 3 scrolls of remove curse
 g - 3 scrolls of teleportation
 h - 3 scrolls of amnesia
 l - a scroll of fog
 n - 4 scrolls of fear
Miscellaneous
 D - a crystal ball of energy


   Skills:
 + Level 5.0 Fighting
 * Level 10.8 Long Blades
 - Level 0.7 Armour
 + Level 4.3 Dodging
 + Level 6.7 Spellcasting
 + Level 4.0 Conjurations
 - Level 6.0 Charms


You had 10 spell levels left.
You knew the following spells:

 Your Spells              Type           Power        Failure   Level  Hunger
a - Spectral Weapon       Hex/Chrm       ###.....     12%         3    N/A
b - Conjure Flame         Conj/Fire      ##......     17%         3    N/A
c - Infusion              Chrm           ####         1%          1    N/A
e - Shroud of Golubria    Chrm/Tloc      ###.......   6%          2    N/A
r - Sticky Flame          Conj/Fire      ##......     58%         4    N/A

Dungeon Overview and Level Annotations

Branches:
Dungeon (10/15)            Temple (1/1) D:6            Lair (2/6) D:10
  Swamp (0/4) Lair:2          Orc (0/2) D:10
  Snake: Lair:2-4    Spider: Lair:2-4

Altars:
Ashenzari
Cheibriados
Dithmenos
Elyvilon
Fedhas
Gozag
Hepliaklqana
Kikubaaqudgha
Makhleb
Nemelex Xobeh
Okawaru
Qazlal
Ru
Sif Muna
Trog
Uskayaw
Vehumet
Xom
Yredelemnul
Zin
The Shining One

Shops:
D:4 *   D:5 [

Portals:
Volcano: Lair:2


Innate Abilities, Weirdness & Mutations

You do not eat or drink.
Your flesh is vulnerable to fire.
You are immune to poison.
Your flesh is cold resistant. (rC+)
You are immune to negative energy. (rN+++)
You are immune to unholy pain and torment.
You can survive without breathing.


Message History

Found a scroll of fear.
Found an escape hatch in the floor.
A komodo dragon comes into view.
The komodo dragon hisses angrily.
You see here a scroll of fear.
n - 4 scrolls of fear (gained 1)
There are no items here.
Casting: Spectral Weapon
Confirm with . or Enter, or press ? or * to list all spells.
You draw out your weapon's spirit!
Unknown command.
The komodo dragon bites you.
* * * LOW HITPOINT WARNING * * *
You hit the komodo dragon.
The komodo dragon is lightly wounded.
The komodo dragon misses you.
You slash the komodo dragon!
The komodo dragon is heavily wounded.
The komodo dragon bites you!!
You die...

#...### #8.> #..# ......#
.. ....+. 8.#...# ##....#
#...... #.....# #.....#
#P...## #.....# #.
##....## ##.....#
.#+..##P(..#.#####......#
...>...l@................
.........................
.##.#.#.#..#..###.##P#.##
# #######.### ########
###


You could see a komodo dragon and a friendly spectral long sword of slicing.

Vanquished Creatures
  Joseph (D:10)
  The ghost of esc the Ruffian, a novice VSMo of Ashenzari (D:6)
  A gargoyle (D:10)
  A komodo dragon (Lair:2)
  A troll (D:9)
  A polar bear (Lair:2)
  4 blink frogs
  3 hippogriffs
  9 yaks
  A basilisk (Lair:2)
  A hungry ghost (D:7)
  Menkaure (D:7)
  2 water moccasins
  4 porcupines
  An orc warrior (D:10)
  A black bear (D:6)
  2 ice beasts (D:10)
  5 ogres
  A phantom (D:5)
  2 crocodiles
  2 big kobolds (D:10)
  7 bullfrogs
  A gnoll sergeant (D:7)
  2 water moccasin zombies (D:5)
  A wyvern skeleton (D:6)
  A scorpion (D:8)
  11 killer bees
  A water moccasin skeleton (D:4)
  3 howler monkeys
  A crimson imp (D:6)
  2 bullfrog zombies (D:5)
  2 centaur zombies
  4 orc wizards
  3 orc priests
  A bullfrog skeleton (D:6)
  A gnoll shaman (D:7)
  3 hounds
  Ijyb (D:2)
  2 iguanas
  2 centaur skeletons (D:5)
  9 worker ants
  8 adders
  16 gnolls
  A howler monkey skeleton (D:5)
  A shadow imp (D:5)
  An ooze (D:5)
  An adder skeleton (D:4)
  An adder zombie (D:9)
  2 worms
  3 dart slugs
  4 leopard geckos
  33 orcs
  A ball python (D:1)
  4 giant cockroaches
  12 goblins
  7 hobgoblins
  15 jackals
  11 kobolds
  8 quokkas
  8 bats
  5 frilled lizards
  A quokka skeleton (D:6)
  10 rats
  A plant (D:10)
257 creatures vanquished.

Vanquished Creatures (others)
  10 spectral weapons
10 creatures vanquished.

Grand Total: 267 creatures vanquished

Notes
Turn   | Place    | Note
-------+----------+-------------------------------------------
     0 | D:1      | Alarkh the Mummy Skald began the quest for the Orb.
     0 | D:1      | Reached XP level 1. HP: 16/16 MP: 4/4
   191 | D:1      | Reached XP level 2. HP: 20/22 MP: 6/6
   212 | D:1      | Reached skill level 2 in Long Blades
   805 | D:2      | Reached XP level 3. HP: 20/27 MP: 1/7
   912 | D:1      | Learned a level 2 spell: Shroud of Golubria
   916 | D:1      | Learned a level 3 spell: Spectral Weapon
  1294 | D:2      | Noticed Ijyb
  1536 | D:2      | Killed Ijyb
  1536 | D:2      | Reached XP level 4. HP: 22/33 MP: 0/9
  1697 | D:3      | Found a shimmering altar of Xom.
  1834 | D:3      | Reached skill level 3 in Long Blades
  1834 | D:3      | Reached XP level 5. HP: 25/38 MP: 1/11
  2518 | D:4      | Noticed an ogre
  2605 | D:4      | Noticed an ogre
  2612 | D:4      | Killed an ogre
  2612 | D:4      | Reached XP level 6. HP: 24/44 MP: 8/13
  2921 | D:4      | Reached skill level 4 in Long Blades
  2921 | D:4      | Reached skill level 5 in Spellcasting
  3133 | D:4      | Found Iggeplawk's General Store.
  3339 | D:5      | Entered Level 5 of the Dungeon
  3404 | D:5      | Reached XP level 7. HP: 46/50 MP: 9/14
  3497 | D:4      | Bought a scroll of identify for 22 gold pieces
  3806 | D:5      | Found Deqahy's Antique Armour Boutique.
  3813 | D:5      | Bought a runed robe for 70 gold pieces
  3813 | D:5      | Bought a pair of embroidered boots for 142 gold pieces
  3828 | D:5      | Identified a +0 pair of boots of running (You bought it in a shop on level 5 of the Dungeon)
  3982 | D:5      | Reached skill level 5 in Long Blades
  4248 | D:5      | Found a sparkling altar of Nemelex Xobeh.
  4266 | D:5      | Reached skill level 6 in Long Blades
  4266 | D:5      | Reached XP level 8. HP: 15/56 MP: 9/15
  4592 | D:5      | Reached skill level 5 in Charms
  4834 | D:6      | Noticed esc's ghost (novice VSMo)
  4864 | D:6      | Killed esc's ghost
  4864 | D:6      | Reached skill level 7 in Long Blades
  4934 | D:6      | Found a staircase to the Ecumenical Temple.
  4939 | Temple   | Entered the Ecumenical Temple
  5002 | Temple   | Became a worshipper of Warmaster Okawaru
  5352 | D:7      | Reached XP level 9. HP: 60/61 MP: 12/16
  5358 | D:7      | Noticed Menkaure
  5376 | D:7      | Reached skill level 8 in Long Blades
  5485 | D:7      | Killed Menkaure
  5666 | D:6      | Reached * piety under Okawaru
  6042 | D:7      | Found a deep blue altar of Sif Muna.
  6199 | D:7      | Reached skill level 9 in Long Blades
  6429 | D:8      | Found an ancient bone altar of Kikubaaqudgha.
  7168 | D:9      | Found a hide-covered altar of Uskayaw.
  7173 | D:9      | Learned a level 3 spell: Conjure Flame
  7176 | D:9      | Noticed a dagger
  7176 | D:9      | Noticed a hand axe
  7249 | D:9      | Noticed a troll
  7260 | D:9      | Killed a troll
  7260 | D:9      | Reached skill level 1 in Conjurations
  7372 | D:9      | Reached ** piety under Okawaru
  7416 | D:9      | Got a smoking tin ring
  7418 | D:9      | Identified the ring of New Discoveries {rPois Stlth+} (You found it on level 9 of the Dungeon)
  7478 | D:9      | Reached XP level 10. HP: 65/70 MP: 9/17
  7487 | D:9      | Reached skill level 10 in Long Blades
  7554 | D:9      | Found a basalt altar of Yredelemnul.
  7563 | D:9      | Found a stormy altar of Qazlal.
  7564 | D:9      | Found a shattered altar of Ashenzari.
  7568 | D:9      | Found a shadowy altar of Dithmenos.
  7576 | D:9      | Learned a level 4 spell: Sticky Flame
  7606 | D:10     | Entered Level 10 of the Dungeon
  7617 | D:10     | Noticed Joseph
  7618 | D:10     | Noticed a gargoyle
  8086 | D:10     | Killed a gargoyle
  8336 | D:10     | Killed Joseph
  8336 | D:10     | Reached *** piety under Okawaru
  8403 | D:10     | Got a smoking plate armour
  8414 | D:10     | Identified the +8 plate armour of Intuition {Int+4} (You found it on level 10 of the Dungeon)
  8676 | D:10     | Found a staircase to the Orcish Mines.
  8693 | D:10     | Found a staircase to the Lair.
  8805 | D:10     | Found a radiant altar of Vehumet.
  9088 | Lair:1   | Entered Level 1 of the Lair of Beasts
  9095 | D:10     | Reached **** piety under Okawaru
  9489 | Lair:1   | Reached XP level 11. HP: 45/78 MP: 18/20
  9756 | Lair:2   | Reached ***** piety under Okawaru
  9809 | Lair:2   | Found a dark tunnel.
  9821 | Lair:2   | HP: 1/78 [hell hound (5)]
  9856 | Lair:1   | Reached skill level 5 in Fighting
  9929 | Lair:2   | Found a staircase to the Swamp.
  9964 | Lair:2   | Mangled by a komodo dragon

Vault maps used:
D:1:      dpeg_arrival_tiny_k
D:2:      uniq_iyjb
D:3:      minmay_door_path, lemuel_crystal_altar, first_bread,
          kennysheep_generic_room_8
D:4:      serial_shops, shop_statue
D:5:      serial_shops, nicolae_shop_crystal, grunt_ministairs_9,
          nemelex_dance_club_becter
D:6:      minmay_temple_entry_nine_rooms, grunt_decor_clamped
D:7:      led_sif_pool, uniq_menkaure
D:8:      old_standard_altar
D:9:      dancing_weapons_uskayaw, minitemple
D:10:     dpeg_oklobed_lair, orc_0_dummy, basic_altar, blue_anna_alchemist,
          uniq_joseph
Temple:   cyrus_circular_temple
Lair:1:   minmay_guarded_unrand_snakebite, gammafunk_lair_bear_cave
Lair:2:   swamp_mist, portal_ice_cave_entry_pillars_1, enter_volcano_3,
          eino_house_with_fridge, grunt_megastairs_2

Skill      XL: |  1  2  3  4  5  6  7  8  9 10 11 |
---------------+----------------------------------+-----
Spellcasting   | 3 4 5 6 |  6.7
Long Blades    | 2 3 4 6 7 9 10 | 10.8
Charms         | 3 4 6 |  6.0
Dodging        | 2 4 |  4.3
Conjurations   | 1 3 4 |  4.0
Fighting       | 3 4 5 |  5.0
Armour         | |  0.7

Action                   |  1- 3 |  4- 6 |  7- 9 | 10-12 || total
-------------------------+-------+-------+-------+-------++-------
Melee: Falchion          |   145 |    15 |       |       ||   160
       Long sword        |       |    78 |   278 |   189 ||   545
 Cast: Infusion          |    19 |    12 |       |     2 ||    33
       Shroud of Golubri |     2 |       |     2 |     3 ||     7
       Spectral Weapon   |       |     8 |    41 |    32 ||    81
Invok: Heroism           |       |       |     2 |     3 ||     5
Evoke: Wand              |       |       |     7 |    11 ||    18
  Use: Scroll            |     1 |     5 |     9 |    13 ||    28
 Stab: Confused          |       |       |     1 |       ||     1
       Distracted        |       |       |     1 |     2 ||     3
Armor: Leather armour    |    43 |    37 |     3 |       ||    83
       Robe              |       |       |    98 |    62 ||   160
       Plate armour      |       |       |       |     9 ||     9
Dodge: Dodged            |   119 |    47 |   171 |   112 ||   449
       Rpst.: Falchion   |    37 |     2 |       |       ||    39
       Long sword        |       |    13 |    47 |    31 ||    91
